AoeStats
← MarcaTenebrosa

Arabia

507221381Analyzed
1v1 RM · 16d ago on Sep 17, 2026· 30m 24s· 2 players
Game mode
Random Map
Map size
Tiny (2 player)
Population
200
Speed
Normal
Resources
Standard
Victory
Conquest
Starting age
Dark Age
Ending age
Imperial Age
RankedLock teamsTeams togetherTeam positionsShared explorationLock speedFull tech treeHidden civsTurbo modeCheats
Victory
Defeat
🇩🇪 Hindustanis · Germany
995
+17
🇦🇷 Malians · Argentina
1011
-44
SneakySnowFlake
7:22 Loom
9:54 Feudal Age
10:43 Double-Bit Axe
13:20 Wheelbarrow
16:42 Town Watch
18:16 Fletching
19:07 Horse Collar
24:20 Castle Age
25:40 Bodkin Arrow
26:55 Bow Saw
28:08 Scale Mail Armor
28:31 Forging
30:49 Gold Mining
MarcaTenebrosa
11:05 Feudal Age
11:27 Loom
16:57 Double-Bit Axe
25:29 Castle Age
23:47 Fletching
24:34 Gold Mining
24:29 Horse Collar
26:07 Bodkin Arrow
26:34 Man-at-Arms
28:07 Masonry
27:27 Long Swordsman
28:12 Scale Mail Armor
30:10 Wheelbarrow
Connection lost

Rejoining the realm…

Still unreachable

The connection could not be restored.

Session expired

The server has moved on; the page needs a fresh start.